 Dungeon Crawl Stone Soup version 0.31-a0-664-g902f515a81 (webtiles) character file.

Game seed: 3801725939886815579

249 greenreed the Vexing (level 5, -13/24 HPs)
             Began as a Spriggan Enchanter on Sept 2, 2023.
             Was a Follower of Fedhas.
             Mangled by Pikel
             ... wielding a +2 whip of electrocution
              (20 damage)
             ... on level 4 of the Dungeon.
             The game lasted 00:11:03 (3369 turns).

greenreed the Vexing (Spriggan Enchanter)           Turns: 3369, Time: 00:11:06

Health: -13/24     AC:  2    Str:  4    XL:     5   Next: 87%
Magic:  11/12      EV: 18    Int: 18    God:    Fedhas [*.....]
Gold:   179        SH:  0    Dex: 16    Spells: 8/13 levels left

rFire   + . .        a - +1 dagger
rCold   . . .        (no shield)
rNeg    . . .        b - +0 robe
rPois   +            (helmet currently unavailable)
rElec   .            f - melded +0 cloak
rCorr   .            (gloves unavailable)
SInv    +            (boots unavailable)
Will    .....        h - amulet of magic regeneration
Stlth   +++          g - ring of poison resistance
HPRegen 0.24/turn    m - ring of protection from fire
MPRegen 0.53/turn

%: no passive effects
@: beast-form, very slightly contaminated, very quick
A: beast (slay +0), very small, no large weapons, unfitting armour, see
invisible, speed 3
a: Begin Untransformation, Renounce Religion


You were on level 4 of the Dungeon.
You worshipped Fedhas.
Fedhas was aware of your devotion.
You were a hulking beast.
You visited 2 branches of the dungeon, and saw 5 of its levels.

You collected 179 gold pieces.

Inventory:

Hand Weapons
 a - a +1 dagger (weapon)
Armour
 b - a +0 robe (worn)
 f - a +0 cloak (melded)
 q - a +0 pair of gloves
Jewellery
 g - a ring of poison resistance (left hand)
 h - an amulet of magic regeneration (around neck)
 m - a ring of protection from fire (right hand)
 u - a ring of ice
Talismans
 p - a beast talisman (active)
Scrolls
 d - 4 scrolls of teleportation {unknown}
 i - 2 scrolls of identify {unknown}
 j - a scroll of amnesia {unknown}
 r - 2 scrolls of enchant armour {unknown}
 s - a scroll of fog {unknown}
 t - a scroll of enchant weapon {unknown}
Potions
 c - 2 potions of invisibility
 e - 2 potions of might {unknown}
 k - 2 potions of mutation {unknown}
 l - a potion of haste {unknown}
 n - a potion of enlightenment {unknown}
 o - a potion of cancellation {unknown}


   Skills:
 * Level 3.5 Short Blades
 + Level 3.9 Dodging
 - Level 4.5 Stealth
 * Level 4.5 Spellcasting
 * Level 5.2 Hexes


You had 8 spell levels left.
You knew the following spells:

 Your Spells              Type           Power      Damage    Failure   Level
a - Ensorcelled Hibernat  Hex/Ice        26%        N/A       8%          2
b - Confusing Touch       Hex            22%        N/A       4%          3

Your spell library contained the following spells:

 Spells                   Type           Power      Damage    Failure   Level
 Tukima's Dance           Hex            22%        N/A       4%          3
 Dazzling Flash           Conj/Hex       26%        N/A       14%         3


Dungeon Overview and Level Annotations

Branches:
Dungeon (4/15)             Temple (1/1) D:4

Altars:
Ashenzari
Cheibriados
Elyvilon
Fedhas
Gozag
Hepliaklqana
Makhleb
Okawaru
Qazlal
Sif Muna
Trog
Wu Jian
Yredelemnul
Zin
The Shining One

Annotations:
D:4 Pikel


Innate Abilities, Weirdness & Mutations

You are a hulking beast.
Your limbs bulge with bestial killing power. (Slay +0)
You are very small and have problems with some larger weapons.
You are too small for most types of armour.
You have supernaturally acute eyesight. (SInv)
You cover ground extremely quickly. (Speed+++)


Message History

Pikel cracks his whip.
Casting: Ensorcelled Hibernation (safe; 8% risk of failure)
Confirm with . or Enter, or press ? or * to list all spells.
Aiming: Ensorcelled Hibernation (safe; 8% risk of failure)
Press: ? - help, Shift-Dir - straight line, f/p - Pikel
Aim: Pikel, wielding a +2 whip of electrocution and wearing a +0 robe (moderately wounded, chance to affect: 47%)
Okay, then.
Casting: Ensorcelled Hibernation (safe; 8% risk of failure)
Confirm with . or Enter, or press ? or * to list all spells.
Aiming: Ensorcelled Hibernation (safe; 8% risk of failure)
Press: ? - help, Shift-Dir - straight line, f/p - Pikel
Aim: Pikel, wielding a +2 whip of electrocution and wearing a +0 robe (moderately wounded, chance to affect: 47%) Pikel resists with some effort.
Casting: Ensorcelled Hibernation (safe; 8% risk of failure)
Confirm with . or Enter, or press ? or * to list all spells.
Aiming: Ensorcelled Hibernation (safe; 8% risk of failure)
Press: ? - help, Shift-Dir - straight line, f/p - Pikel
Aim: Pikel, wielding a +2 whip of electrocution and wearing a +0 robe (moderately wounded, chance to affect: 47%)
You miscast Ensorcelled Hibernation.
You are very lightly contaminated with residual magic.
Nothing appears to happen.
Casting: Ensorcelled Hibernation (safe; 8% risk of failure)
Confirm with . or Enter, or press ? or * to list all spells.
Okay, then.
Casting: Ensorcelled Hibernation (safe; 8% risk of failure)
Confirm with . or Enter, or press ? or * to list all spells.
Aiming: Ensorcelled Hibernation (safe; 8% risk of failure)
Press: ? - help, Shift-Dir - straight line, f/p - Pikel
Aim: Pikel, wielding a +2 whip of electrocution and wearing a +0 robe (moderately wounded, chance to affect: 47%) Pikel looks drowsy...
The helpless Pikel fails to defend himself.
You impale Pikel!!
Pikel is almost dead.
Pikel hits you with a +2 whip of electrocution!
* * * LOW HITPOINT WARNING * * *
You are electrocuted!!
Ouch! That really hurt!
You die...
Pikel says, "See you in Hell!"
Fedhas appreciates your contribution to the ecosystem.

#5# #.≈≈.≈≈...## #5#
#.≈≈_≈≈.#... #.# #.≈≈≈≈≈...##
#.# #..≈≈≈...## #### ####.####
#.......## ...# #....5..#
##.######### ##.# #....[5.# #..
...... #.# #.......########.#
###### #.# #......5Kh.......#
#.# #.......############
#.#####.......# #######.##
#......#......# #...<..#.######
#######.##.#######.###.###......
####.........# ##.#.######
########### ##.## ###


You could see Pikel and 3 lemures.

Vanquished Creatures
  A lemure (D:4)
  The ghost of Rohain the Conjurer, a weakling DrCj (D:3)
  An orc priest (D:3)
  Jessica (D:2)
  An iguana (D:4)
  A gnoll (D:1)
  3 adders
  4 worms
  3 dart slugs
  6 orcs (D:3)
  2 endoplasms
  6 giant cockroaches
  4 goblins
  8 hobgoblins
  5 jackals
  7 kobolds
  4 quokkas
  4 ball pythons
  5 bats
  2 frilled lizards
  2 rats
71 creatures vanquished.

Notes
Turn   | Place    | Note
-------+----------+-------------------------------------------
     0 | D:1      | greenreed the Spriggan Enchanter began the quest for the
                  | Orb.
     0 | D:1      | Reached XP level 1. HP: 9/9 MP: 5/5
   104 | D:1      | Reached XP level 2. HP: 13/13 MP: 6/6
   107 | D:1      | Learned a level 2 spell: Ensorcelled Hibernation
   246 | D:1      | Reached skill level 4 in Hexes
   402 | D:1      | Reached XP level 3. HP: 16/16 MP: 3/8
   864 | D:2      | Found a faded altar of an unknown god.
  1077 | D:2      | Noticed Jessica
  1080 | D:2      | Killed Jessica
  1081 | D:2      | Reached XP level 4. HP: 21/21 MP: 6/10
  1355 | D:2      | You fall into a shaft and drop 2 floors!
  1448 | D:4      | Found a shimmering blue altar of Sif Muna.
  1536 | D:4      | Found a staircase to the Ecumenical Temple.
  1545 | Temple   | Entered the Ecumenical Temple
  1555 | Temple   | Became a worshipper of Fedhas Madash
  1793 | D:4      | Noticed a lemure
  1793 | D:4      | Noticed a lemure
  1794 | D:4      | Noticed a lemure
  1819 | D:3      | Reached XP level 5. HP: 24/24 MP: 12/12
  2668 | D:3      | Reached * piety under Fedhas
  2737 | D:3      | Found a runed translucent gate.
  2737 | D:3      | Found a runed translucent gate.
  2738 | D:3      | Found a runed translucent gate.
  2738 | D:3      | Noticed Rohain's ghost (weakling DrCj)
  2755 | D:3      | Reached skill level 5 in Hexes
  2766 | D:3      | Learned a level 3 spell: Confusing Touch
  3098 | D:3      | Killed Rohain's ghost
  3274 | D:4      | Noticed a lemure
  3275 | D:4      | Noticed Pikel
  3309 | D:4      | Killed a lemure
  3369 | D:4      | Mangled by Pikel

Illustrated notes

Levels and vault maps discovered:
D:1:      onia_arrival_pentagram, layout_loops_cross,
          chequers_serial_rivers_large_b, chequers_serial_rivers_micro_a,
          feat_on_display
D:2:      layout_loops_ring, hellmonk_ecumenical_altar_pennies_from_heaven,
          uniq_jessica
D:3:      layout_loops_corners, ebering_ghost_rock_garden,
          chequers_serial_rivers_room_a, st_stairs_2
D:4:      layout_loops_ring, mainiacjoe_overflow_six_doors_small,
          mainiacjoe_overflow_catwalk, temple_green, uniq_crazy_yiuf_cottage,
          uniq_pikel
Temple:   nicolae_temple_great_sept

Skill      XL: |  1  2  3  4  5 |
---------------+----------------+-----
Spellcasting   | 3 4 |  4.5
Dodging        | 3 |  3.9
Hexes          | 4 5 |  5.2
Short Blades   | 2 3 |  3.5
Stealth        | |  4.5

Action                     |  1- 3 |  4- 6 || total
---------------------------+-------+-------++-------
  Melee: Dagger            |    61 |   134 ||   195
         Punch             |     1 |       ||     1
   Cast: Ensorcelled Hiber |    15 |    40 ||    55
         Confusing Touch   |       |     1 ||     1
   Stab: Sleeping          |    19 |    30 ||    49
         Confused          |       |     1 ||     1
 Armour: Robe              |    12 |    36 ||    48
  Dodge: Dodged            |    42 |    98 ||   140
   Form: Beast             |       |     1 ||     1

Table legend: (Time is in decaauts)
 A = Elapsed time spent in this place.
 B = Non-inter-level travel time spent in this place.
 C = Inter-level travel time spent in this place.
 D = Time resting spent in this place.
 E = Time spent auto-exploring this place.
 F = Levels seen in this place.
 G = Mean time per level.
                   A        B        C        D        E       F      G
               +--------+--------+--------+--------+--------+-----+--------+
         Total |   2359 |   2246 |    113 |    107 |   1569 |   5 |  471.8 |
       Dungeon |   2345 |   2242 |    103 |    107 |   1569 |   4 |  586.2 |
        Temple |     13 |      3 |     10 |      0 |      0 |   1 |   13.0 |
               +--------+--------+--------+--------+--------+-----+--------+

Top non-repeatable levels by time:
     D:3: 970 daAuts
     D:1: 626 daAuts
     D:4: 400 daAuts
     D:2: 348 daAuts
  Temple: 13 daAuts
